 Dungeon Crawl Stone Soup version 0.18.1-48-g4cf74bf (webtiles) character file.

622 Mesmaeker13 the Bolt Thrower (level 7, -1/43 HPs)
             Began as a Gargoyle Hunter on July 11, 2016.
             Killed from afar by Sigmund (5 damage)
             ... with a puff of flame
             ... on level 5 of the Dungeon.
             The game lasted 00:16:13 (5443 turns).

Mesmaeker13 the Bolt Thrower (Gargoyle Hunter)      Turns: 5443, Time: 00:16:14

Health: -1/43      AC: 13    Str: 15    XL:     7   Next: 46%
Magic:  7/7        EV: 11    Int: 12    God:
Gold:   143        SH:  0    Dex: 12    Spells: 0 memorised, 6 levels left

rFire  . . .     SeeInvis .     t - +0 flail
rCold  . . .     Gourm    .     d - +3 leather armour
rNeg   + . .     Faith    .     (no shield)
rPois  ∞         Spirit   .     (no helmet)
rElec  +         Dismiss  .     r - +1 cloak
rCorr  .         Reflect  .     (no gloves)
SustAt .         Harm     .     (no boots)
MR     .....                    (no amulet)
Stlth  +.........               (no ring)
                                y - ring of poison resistance

@: not resistant to hostile enchantments, very unstealthy
A: negative energy resistance 1, electricity resistance, unbreathing,
petrification resistance, rot immunity, AC +4
a: no special abilities


You were on level 5 of the Dungeon.
You were not hungry.

You visited 1 branch of the dungeon, and saw 5 of its levels.

You collected 247 gold pieces.
You spent 104 gold pieces at shops.

Inventory:

Hand Weapons
 a - a +2 hand crossbow
 t - a +0 flail (weapon)
Armour
 d - a +3 leather armour (worn)
 r - a +1 cloak (worn)
 x - a +0 buckler
Jewellery
 y - a ring of poison resistance (left hand)
Scrolls
 e - 2 scrolls of enchant weapon
 k - 2 scrolls of enchant armour
 s - 2 scrolls of remove curse
 w - a scroll of amnesia
 z - 2 scrolls of identify
Potions
 c - 2 potions of mutation
 l - 2 potions of brilliance
Comestibles
 f - 3 bread rations
 g - 2 meat rations
 v - 2 fruits


   Skills:
 - Level 4.0 Fighting
 + Level 2.8 Maces & Flails
 + Level 6.9 Crossbows
 + Level 3.2 Armour
 - Level 1.5 Dodging
 - Level 1.1 Stealth


You had 6 spell levels left.
You didn't know any spells.

Dungeon Overview and Level Annotations

Branches:
Dungeon (5/15)
 Temple: D:4-7

Altars:
Cheibriados
Okawaru

Shops:
D:4 *

Annotations:
D:5 Sigmund


Innate Abilities, Weirdness & Mutations

You are resistant to torment.
Your stone body is resilient (AC +4).
You are immune to poison.
You resist negative energy.
You are resistant to electric shocks.
You can survive without breathing.
You are immune to petrification.
You are immune to rotting.


Message History

You barely miss something. Something hits you.
* * * LOW HITPOINT WARNING * * *
Read which item? (? for menu, Esc to quit)
As you read the scroll labeled FACALEIRGHUMN, it crumbles to dust.
You hear a loud clanging noise!
It was a scroll of noise.
You hear a shout! x3; You hear a chilling moan.
Something hits you but does no damage.
You hear some strange, mumbled words.
You are confused.
Your magical contamination has completely faded away.
You bump into the rock wall.
You bump into the rock wall.
Something hits you but does no damage. Something hits you.
* * * LOW HITPOINT WARNING * * *
You feel less confused. Something hits you but does no damage.
A puff of flame appears from out of thin air!
The puff of flame hits you!
You die...

.##...##..##.#.#.######
...........#...#.#<*
#.##.####(######.#,*
..........## #.#,*
#*.#.......# #.#,*
,,...####.##***#{#,*
**.#,**....,,,*#.#,*******
**,,,*#.#.#**,*#.#,,,,,,,*
**,,,,#.#.# *,*#@#******,*
,,,,,,#,#.# *,*#.# *,*
,,,,>,*,#.# *,*#.# *,*
,,*,,,*,#.* *,*#.# *,*
,,*,,,*,*,***,*#.# *,*
***,,,*,*,,,,,*#.#******,*
*,,,*,*,,,,,,...,,,,,,,*
*****,*,*****#.#********
*,*,******,*


There were no monsters in sight!

Vanquished Creatures
  An ice beast (D:5)
  A crimson imp (D:4)
  2 orc priests
  3 orc wizards
  A giant frog skeleton (D:4)
  Ijyb (D:3)
  2 worker ants (D:4)
  4 gnolls
  8 adders
  2 oozes
  An adder skeleton (D:4)
  6 worms
  A dart slug (D:2)
  12 orcs
  4 giant cockroaches
  8 goblins
  9 hobgoblins
  13 jackals
  2 quokkas
  8 bats
  3 giant newts
  10 kobolds
  9 rats
111 creatures vanquished.

Notes
Turn   | Place    | Note
--------------------------------------------------------------
     0 | D:1      | Mesmaeker13 the Gargoyle Hunter began the quest for the Orb.
     0 | D:1      | Reached XP level 1. HP: 12/12 MP: 1/1
   102 | D:1      | Reached XP level 2. HP: 17/17 MP: 2/2
   695 | D:1      | Reached XP level 3. HP: 21/21 MP: 3/3
   850 | D:2      | Found a snail-covered altar of Cheibriados.
   944 | D:2      | Reached skill level 5 in Crossbows
  1749 | D:3      | Noticed Ijyb
  1780 | D:3      | Killed Ijyb
  1780 | D:3      | Reached XP level 4. HP: 14/28 MP: 4/4
  1910 | D:2      | Reached XP level 5. HP: 18/32 MP: 5/5
  2957 | D:3      | Reached skill level 6 in Crossbows
  3077 | D:3      | Reached skill level 1 in Maces & Flails
  3077 | D:3      | Reached XP level 6. HP: 21/38 MP: 6/6
  3457 | D:3      | Reached skill level 1 in Armour
  4155 | D:4      | Found Qiaximi's Assorted Antiques.
  4161 | D:4      | Bought a scroll of identify for 52 gold pieces
  4161 | D:4      | Bought a scroll of identify for 52 gold pieces
  4565 | D:4      | Reached XP level 7. HP: 41/43 MP: 7/7
  4666 | D:4      | Found an iron altar of Okawaru.
  4977 | D:5      | Entered Level 5 of the Dungeon
  5013 | D:5      | HP: 1/43 [ice beast (14)]
  5333 | D:5      | Noticed Sigmund
  5430 | D:5      | HP: 2/43 [something (3)]
  5443 | D:5      | Killed from afar by Sigmund

Skill      XL: |  1  2  3  4  5  6  7 |
---------------+----------------------+-----
Crossbows      | 5 6 |  6.9
Fighting       | 3 4 |  4.0
Maces & Flails | 1 2 |  2.8
Armour         | 2 3 |  3.2
Dodging        | |  1.5
Stealth        | |  1.1

Action                   |  1- 3 |  4- 6 |  7- 9 || total
-------------------------+-------+-------+-------++-------
Melee: Whip              |    24 |    57 |       ||    81
       Flail             |       |   264 |   127 ||   391
 Fire: Hand crossbow     |   109 |     4 |     6 ||   119
Throw: Throwing net      |     1 |       |       ||     1
Evoke: Wand              |       |     9 |       ||     9
  Use: Scroll            |     4 |     3 |     4 ||    11
       Potion            |       |       |     8 ||     8
 Stab: Sleeping          |       |     1 |     1 ||     2
       Invisible         |       |       |     1 ||     1
  Eat: Chunk             |     2 |    10 |     3 ||    15
Armor: Leather armour    |     8 |    87 |    73 ||   168
       Scale mail        |    18 |   139 |       ||   157
       Skin              |       |       |    21 ||    21
Dodge: Dodged            |    34 |   216 |    96 ||   346
